 Dungeon Crawl Stone Soup version 0.25-a0-566-g062765be81 (webtiles) character file.

Game seed: 6810860423561370712, levelgen mode: deterministic

42 Crl the Shooter (level 3, -4/30 HPs)
             Began as a Centaur Hunter on Feb 27, 2020.
             Slain by a worm (7 damage)
             ... on level 2 of the Dungeon.
             The game lasted 00:03:45 (1816 turns).

Crl the Shooter (Centaur Hunter)                    Turns: 1816, Time: 00:03:47

Health: -4/30      AC:  4    Str: 14    XL:     3   Next: 35%
Magic:  3/3        EV:  9    Int: 10    God:
Gold:   100        SH:  0    Dex: 10    Spells: 2/2 levels left

rFire    . . .     SeeInvis .     - Unarmed
rCold    . . .     Gourm    .   (no shield)
rNeg     . . .     Faith    .   c - +0 leather armour
rPois    .         Spirit   .   (no helmet)
rElec    .         Reflect  .   (no cloak)
rCorr    .         Harm     .   (no gloves)
MR       .....                  (no barding)
Stlth    +.........             (no amulet)
HPRegen  0.10/turn              (no ring)
MPRegen  0.08/turn              (no ring)

@: very quick
A: large, hooves 3, deformed body, speed 2, tough skin 3
a: no special abilities


You were on level 2 of the Dungeon.
You were not hungry.

You visited 1 branch of the dungeon, and saw 2 of its levels.

You collected 100 gold pieces.

Inventory:

Hand Weapons
 a - a +1 shortbow
 b - a +0 short sword
Missiles
 d - 18 arrows
Armour
 c - a +0 leather armour (worn)
Jewellery
 j - a cursed ring of teleportation {unknown}
Scrolls
 e - 3 scrolls of amnesia {unknown}
 g - a scroll of enchant armour {unknown}
 k - a scroll of remove curse {unknown}
 l - a scroll of blinking {unknown}
 m - a scroll of fear {unknown}
Potions
 h - a potion of degeneration {unknown}
Comestibles
 f - 3 rations
 i - 6 chunks of flesh


   Skills:
 + Level 2.3 Fighting
 + Level 5.6 Bows
 + Level 1.7 Dodging
 - Level 1.1 Stealth
 + Level 1.1 Unarmed Combat


You had 2 spell levels left.
You didn't know any spells.
Your spell library was empty.

Dungeon Overview and Level Annotations

Branches:
Dungeon (2/15)

Altars:
Ashenzari


Innate Abilities, Weirdness & Mutations

You have hooves in place of feet.
Armour fits poorly on your strangely shaped body.
You cover ground very quickly.
You have extremely tough skin. (AC +3)


Message History

You are too injured to fight recklessly!
You are too injured to fight recklessly!
You are too injured to fight recklessly!
You are too injured to fight recklessly!
You are too injured to fight recklessly!
You are too injured to fight recklessly!
You barely miss the worm. Something hits you but does no damage.
You hit the worm. You kick the worm!
The worm is severely wounded.
Something hits you. Something shocks you.
* * * LOW HITPOINT WARNING * * *
The worm barely misses you.
You hit the worm.
The worm is severely wounded.
Something hits you.
* * * LOW HITPOINT WARNING * * *
Something shocks you.
* * * LOW HITPOINT WARNING * * *
The worm bites you!
You die...

...............#.#
#.# #
###.....######...#
#.# .. #.....#
##..# #.# ..#
#.....# #..# ###.#
# # #.....#
##.#...... #
#.....# #.#.# #.#
#.....##### #...#
#.#
#...^.......##..[#
#.# ......†@...#
.8....w8...#
...........#
...........#
(..>.......#
.........#..
.............
.8.....8..#..#


You could see a worm.

Vanquished Creatures
  An adder (D:2)
  A dart slug (D:1)
  2 leopard geckos (D:2)
  7 goblins
  5 hobgoblins (D:1)
  3 bats (D:1)
  2 frilled lizards
  3 kobolds (D:1)
  3 rats (D:1)
27 creatures vanquished.

Notes
Turn   | Place    | Note
-------+----------+-------------------------------------------
     0 | D:1      | Crl the Centaur Hunter began the quest for the Orb.
     0 | D:1      | Reached XP level 1. HP: 17/17 MP: 1/1
   280 | D:1      | Found a shattered altar of Ashenzari.
   471 | D:1      | Reached XP level 2. HP: 12/24 MP: 2/2
   723 | D:1      | Reached skill level 1 in Stealth
  1563 | D:2      | Reached skill level 1 in Unarmed Combat
  1563 | D:2      | Reached XP level 3. HP: 24/30 MP: 3/3
  1805 | D:2      | Noticed a sky beast
  1816 | D:2      | Slain by a worm

Levels and vault maps discovered:
D:1:      dpeg_arrival_round_c, layout_loops_ring, nicolae_ashenzari_panopticon
D:2:      layout_basic, nrook_loot_triangle, st_stairs_1

Skill      XL: |  1  2 |
---------------+-------+-----
Stealth        | 1 |  1.1
Unarmed Combat | 1 |  1.1
Fighting       | |  2.3
Bows           | |  5.6
Dodging        | |  1.7

Action                   || total
-------------------------++-------
Melee: Unarmed           ||   144
       Kick              ||    22
 Fire: Shortbow          ||    18
  Eat: Chunk             ||     2
Armor: Leather armour    ||    69
Dodge: Dodged            ||    83

Table legend:
 A = Non-vault XP
 B = Vault XP
 C = Vault XP percentage of total XP
 D = Non-vault monster count
 E = Vault monster count
 F = Vault count percentage of total count
                 A         B        C        D         E       F
            +---------+---------+-------+---------+---------+-------
      Total |      61 |       0 |   0.0 |      27 |       0 |   0.0
            +---------+---------+-------+---------+---------+-------
        D:1 |      36 |       0 |   0.0 |      21 |       0 |   0.0
        D:2 |      25 |       0 |   0.0 |       6 |       0 |   0.0
            +---------+---------+-------+---------+---------+-------
